 Dungeon Crawl Stone Soup version 0.23-a0-61-g4bf3f6c (webtiles) character file.

47 Amnesiac the Conjurer (level 3, -2/24 HPs)
             Began as a Mummy Conjurer on Aug 9, 2018.
             Slain by an orc wizard
             ... wielding a +0 dagger
              (3 damage)
             ... on level 3 of the Dungeon.
             The game lasted 00:02:42 (1138 turns).

Amnesiac the Conjurer (Mummy Conjurer)              Turns: 1138, Time: 00:02:43

Health: -2/24      AC:  2    Str: 11    XL:     3   Next: 48%
Magic:  4/8        EV: 12    Int: 15    God:
Gold:   10         SH:  0    Dex: 12    Spells: 3/9 levels left

rFire    x . .     SeeInvis .   g - +0 hunting sling
rCold    + . .     Gourm    .   (no shield)
rNeg     + + +     Faith    .   a - +0 robe
rPois    ∞         Spirit   .   (no helmet)
rElec    .         Reflect  .   (no cloak)
rCorr    .         Harm     .   (no gloves)
MR       .....                  (no boots)
Stlth    +.........             (no amulet)
HPRegen  0.08/turn              (no ring)
MPRegen  0.11/turn              (no ring)

@: confused
A: no food or potions, fire vulnerability, cold resistance 1, negative energy
resistance 3, torment resistance, unbreathing
a: no special abilities


You were on level 3 of the Dungeon.
You were not hungry.

You visited 1 branch of the dungeon, and saw 4 of its levels.

You collected 10 gold pieces.

Inventory:

Hand Weapons
 g - a +0 hunting sling (weapon)
Missiles
 e - 5 javelins
 f - 10 stones (quivered)
Armour
 a - a +0 robe (worn)
Scrolls
 b - a scroll of teleportation {!r}


   Skills:
 - Level 1.5 Dodging
 - Level 1.5 Stealth
 + Level 3.8 Spellcasting
 * Level 3.9 Conjurations


You had 3 spell levels left.
You knew the following spells:

 Your Spells              Type           Power        Failure   Level  Hunger
a - Magic Dart            Conj           ##..         3%          1    N/A
b - Dazzling Spray        Conj/Hex       #.....       24%         3    N/A
d - Searing Ray           Conj           ##....       5%          2    N/A

Your spell library contained the following spells:

 Spells                   Type           Power        Failure   Level  Hunger
 Iskenderun's Mystic Bla  Conj           ##......     34%         4    N/A
 Fulminant Prism          Conj/Hex       #.........   63%         4    N/A
 Force Lance              Conj/Tloc      #.......     63%         4    N/A

Dungeon Overview and Level Annotations

Branches:
Dungeon (4/15)
 Temple: D:4-7

Altars:
Ashenzari
Okawaru
Trog
Zin


Innate Abilities, Weirdness & Mutations

You do not eat or drink.
Your flesh is vulnerable to fire.
You are immune to poison.
Your flesh is cold resistant. (rC+)
You are immune to negative energy. (rN+++)
You are immune to unholy pain and torment.
You can survive without breathing.


Message History

A hobgoblin comes into view. It is wielding a club.
The hobgoblin shouts!
A bat comes into view.
A bat comes into view.
Found a mace.
Really read
d - a scroll labeled NOELEI JACAQE {!r}?
As you read the scroll labeled NOELEI JACAQE {!r}, it crumbles to dust.
You hear a loud clanging noise!
It was a scroll of noise {!r}.
You hear a shout! x2; You hear an angry hiss. x2
The bat completely misses you. The bat closely misses you. The bat misses you.
The bat hits you but does no damage. The bat barely misses you.
The bat closely misses you. The bat hits you but does no damage.
The bat hits you.
* * * LOW HITPOINT WARNING * * *
The bat barely misses you. The bat hits you but does no damage.
The bat misses you. The hobgoblin hits you with a club.
* * * LOW HITPOINT WARNING * * *
The bat closely misses you. x2
The bat barely misses you. x2
The bat hits you but does no damage. The bat hits you.
* * * LOW HITPOINT WARNING * * *
Casting: Magic Dart (safe; 3% risk of failure)
Confirm with . or Enter, or press ? or * to list all spells.
Aiming: Searing Ray (safe; 5% risk of failure)
Press: ? - help, Shift-Dir - straight line, f - bat
Aim: a bat The searing ray misses the bat. x2; The searing ray hits the hobgoblin.
The hobgoblin is heavily wounded. (Press . to maintain the ray.)
The bat hits you but does no damage. x2
The searing ray hits the bat.
The bat is severely wounded.
The bat hits you.
* * * LOW HITPOINT WARNING * * *
The bat hits you but does no damage.
The searing ray misses the bat.
The searing ray hits the bat.
You kill the bat!
The bat barely misses you. The bat misses you.
The searing ray hits the bat.
You kill the bat!
The searing ray hits the hobgoblin.
You kill the hobgoblin!
You finish channeling your searing ray.
Really read
c - a scroll labeled DIECLE ZEYLUOCK {!r}?
As you read the scroll labeled DIECLE ZEYLUOCK {!r}, it crumbles to dust.
It is a scroll of identify.
b - a scroll of teleportation {!r} You hear some strange, mumbled words.
You are confused.
You're too confused!
You're too confused!
You aren't carrying any items that you can evoke.
Unknown command.
You can't drink.
You bump into the rock wall.
You bump into the rock wall.
You hear some strange, mumbled words.
You are more confused.
You bump into the rock wall.
Something hits you.
* * * LOW HITPOINT WARNING * * *
You bump into the rock wall.
Something hits you.
You die...

#........##.
#.
#........#
#.
#........#
#.
#...).w..#
#.
.#####)###
## #†# #g#
#.# #@# #.#
#.# #.# #.#
#.# #.# #.#


You could see a worm and a hobgoblin.

Vanquished Creatures
  2 adders (D:2)
  An adder zombie (D:1)
  2 dart slugs (D:2)
  A leopard gecko (D:1)
  A giant cockroach (D:2)
  3 hobgoblins
  2 kobolds
  4 bats
  2 frilled lizards
  2 goblins
  A jackal zombie (D:1)
  2 rats (D:2)
23 creatures vanquished.

Notes
Turn   | Place    | Note
-------+----------+-------------------------------------------
     0 | D:1      | Amnesiac the Mummy Conjurer began the quest for the Orb.
     0 | D:1      | Reached XP level 1. HP: 13/13 MP: 4/4
   438 | D:1      | Reached XP level 2. HP: 18/19 MP: 3/6
   442 | D:1      | Learned a level 2 spell: Searing Ray
   835 | D:2      | Reached XP level 3. HP: 24/24 MP: 0/8
   889 | D:2      | Learned a level 3 spell: Dazzling Spray
   895 | D:2      | Found a bloodstained altar of Trog.
   904 | D:2      | Found a glowing silver altar of Zin.
   909 | D:2      | Found a shattered altar of Ashenzari.
  1110 | D:3      | Found an iron altar of Okawaru.
  1135 | D:3      | HP: 1/24 [something (2)]
  1138 | D:3      | Slain by an orc wizard

Vault maps used:
D:1:      saegor_arrival_fortress, palyth_stone_intersect
D:2:      nicolae_overflow_crystal_walls, minmay_overflow_temple_star_quad,
          chequers_ecumenical_altar_simple_redux, nicolae_underground_beach
D:3:      lemuel_crystal_altar, first_ration, okawaru_trees_2

Skill      XL: |  1 |
---------------+----+-----
Spellcasting   | 3 |  3.8
Dodging        | |  1.5
Stealth        | |  1.5
Conjurations   | |  3.9

Action                   || total
-------------------------++-------
Melee: Unarmed           ||     9
 Fire: Hunting sling     ||     2
 Cast: Magic Dart        ||    33
       Searing Ray       ||     6
  Use: Scroll            ||     2
Armor: Robe              ||    11
Dodge: Dodged            ||    39

Table legend:
 A = Non-vault XP
 B = Vault XP
 C = Vault XP percentage of total XP
 D = Non-vault monster count
 E = Vault monster count
 F = Vault count percentage of total count
 G = Total turns spent on level
                 A         B        C        D         E       F
            +---------+---------+-------+---------+---------+-------
      Total |      62 |       6 |   8.8 |      21 |       2 |   8.7
            +---------+---------+-------+---------+---------+-------
        D:1 |       5 |       6 |  54.5 |       2 |       2 |  50.0
        D:2 |      49 |       0 |   0.0 |      14 |       0 |   0.0
        D:3 |       8 |       0 |   0.0 |       5 |       0 |   0.0
            +---------+---------+-------+---------+---------+-------
